 Dungeon Crawl Stone Soup version 0.31.0-12-g77e489cdc1 (webtiles) character file.

Game seed: 12669932890923885686

11 Gadfly the Trooper (level 2, 0/24 HPs)
             Began as a Demonspawn Monk on Feb 13, 2024.
             Slain by a jackal (2 damage)
             ... on level 1 of the Dungeon.
             The game lasted 00:00:26 (199 turns).

Gadfly the Trooper (Demonspawn Monk)                 Turns: 199, Time: 00:00:26

Health: 0/24       AC:  2    Str: 11    XL:     2   Next: 17%
Magic:  2/2        EV: 13    Int: 10    God:
Gold:   0          SH:  0    Dex: 15    Spells: 1/1 levels left

rFire   . .          .
                       - Unarmed
rCold   . . .        c - orb {light}
rNeg    . . .        a - +0 robe
rPois   .            (no helmet)
rElec   .            (no cloak)
rCorr   .            (no gloves)
SInv    .            (no boots)
Will    .....        (no amulet)
Stlth   +            (no ring)
HPRegen 0.24/turn    (no ring)
MPRegen 0.08/turn

%: no passive effects
@: glowing
A: sturdy frame 1
a: no special abilities


You were on level 1 of the Dungeon.
You visited 1 branch of the dungeon, and saw 1 of its levels.

Inventory:

Armour
 a - a +0 robe (worn)
 c - an orb of light (worn)
Potions
 d - a potion of enlightenment {unknown}


   Skills:
 - Level 3.0 Fighting
 + Level 2.8 Dodging
 * Level 2.9 Unarmed Combat
 * Level 0.9 Evocations
 * Level 0.4 Shapeshifting


You had one spell level left.
You didn't know any spells.
Your spell library was empty.

Dungeon Overview and Level Annotations

Branches:
Dungeon (1/15)

Altars:


Innate Abilities, Weirdness & Mutations

Your movements are slightly less encumbered by armour. (ER -2)


Message History

You feel less confused. The jackal misses you. The giant cockroach bites you.
The jackal misses you.
The jackal bites you but does no damage.
The giant cockroach bites you. The jackal bites you.
The giant cockroach barely misses you.
You barely miss the giant cockroach.
The giant cockroach is severely wounded.
The jackal misses you. The jackal closely misses you.
The giant cockroach bites you.
You hit the giant cockroach.
You kill the giant cockroach!
The jackal closely misses you. The jackal barely misses you.
The hobgoblin barely misses you. The hobgoblin closely misses you.
The jackal closely misses you. x2
The jackal bites you. The jackal closely misses you. The hobgoblin misses you.
The hobgoblin barely misses you.
You barely miss the jackal.
The jackal bites you but does no damage. x2
The hobgoblin hits you. The hobgoblin misses you.
The jackal completely misses you.
You hit the jackal but do no damage. The jackal barely misses you.
The hobgoblin hits you. The jackal closely misses you.
The hobgoblin barely misses you. The jackal closely misses you.
You hit the jackal.
The jackal is moderately wounded.
The jackal bites you.
The jackal bites you but does no damage.
The hobgoblin hits you.
* * * LOW HITPOINT WARNING * * *
The hobgoblin closely misses you.
The hobgoblin attacks as it pursues you!
The hobgoblin hits you.
* * * LOW HITPOINT WARNING * * *
The hobgoblin hits you but does no damage.
The jackal barely misses you. The jackal misses you.
The hobgoblin attacks as it pursues you!
The hobgoblin barely misses you. The jackal barely misses you.
The jackal bites you.
You die...

. ##. .......... ..#..# .
####.#.#.#... ...... #.
#..........# [.....
..##?.........# ######
.............# #..#≈≈≈≈≈≈
#..........###..#≈≈≈≈~~
###...g...........#≈≈~≈..
####.....hh@##.......#≈~....
#........g#†##.......#~.....
#.........#..#.......#~.....
#.........##.).......###..8.
#.........####.......#o#....
#...####### ##.###..#######
#... #).##...##.... #..
######..##..##.... #..
#...h....#...###..


You could see 2 jackals and 2 hobgoblins.

Vanquished Creatures
  A giant cockroach (D:1)
  2 goblins (D:1)
  2 hobgoblins (D:1)
  2 jackals (D:1)
  A quokka (D:1)
  A frilled lizard (D:1)
9 creatures vanquished.

Notes
Turn   | Place    | Note
-------+----------+-------------------------------------------
     0 | D:1      | Gadfly the Demonspawn Monk began the quest for the Orb.
     0 | D:1      | Reached XP level 1. HP: 18/18 MP: 1/1
   180 | D:1      | Gained mutation: Your movements are slightly less
                  | encumbered by armour. (ER -2) [demonic ancestry]
   180 | D:1      | Reached XP level 2. HP: 4/24 MP: 2/2
   199 | D:1      | Slain by a jackal

Illustrated notes

Levels and vault maps discovered:
D:1:      lordsloth_arrival_two_stooges, layout_basic,
          hellmonk_ecumenical_altar_pennies_from_heaven, serial_glass,
          glass_columns_b, glass_columns_a

Action                     || total
---------------------------++-------
  Melee: Unarmed           ||    30
    Use: Potion            ||     1
 Armour: Robe              ||    40
  Dodge: Dodged            ||    57
